 Dungeon Crawl Stone Soup version 0.29.1-13-g9f3cf754e1 (webtiles) character file.

Game seed: 14454357703853330254

87 Exodus22XD the Shield-Bearer (level 4, 41/41 HPs)
             Began as a Minotaur Fighter on Feb 5, 2023.
             Was a Follower of Sif Muna.
             Quit the game on level 2 of the Dungeon.
             The game lasted 00:00:57 (1300 turns).

Exodus22XD the Shield-Bearer (Minotaur Fighter)     Turns: 1300, Time: 00:00:58

Health: 41/41      AC:  7    Str: 23    XL:     4   Next: 28%
Magic:  3/3        EV:  9    Int:  5    God:    Sif Muna [*.....]
Gold:   74         SH:  4    Dex:  9    Spells: 3/3 levels left

rFire   + . .      SeeInvis .   a - +0 war axe
rCold   . . .      Faith    .   c - +0 buckler
rNeg    + . .      Spirit   .   b - +0 scale mail
rPois   .          Reflect  .   (helmet restricted)
rElec   .          Harm     .   (no cloak)
rCorr   .          Rampage  .   (no gloves)
Will    .....                   (no boots)
Stlth   ..........              (no amulet)
HPRegen 0.13/turn               i - ring of positive energy
MPRegen 0.08/turn               j - ring of protection from fire

@: no status effects
A: horns 2, retaliatory headbutt
a: Renounce Religion, Channel Magic


You were on level 2 of the Dungeon.
You worshipped Sif Muna.
Sif Muna was aware of your devotion.
You visited 1 branch of the dungeon, and saw 2 of its levels.

You collected 74 gold pieces.

Inventory:

Hand Weapons
 a - a +0 war axe (weapon)
Armour
 b - a +0 scale mail (worn)
 c - a +0 buckler (worn)
Jewellery
 f - an amulet of guardian spirit
 i - a ring of positive energy (left hand)
 j - a ring of protection from fire (right hand)
Scrolls
 h - 2 scrolls of teleportation {unknown}
Potions
 d - a potion of might
 e - 2 potions of heal wounds {unknown}
 g - a potion of lignification {unknown}
 k - a potion of haste {unknown}
 l - a potion of brilliance {unknown}


   Skills:
 + Level 4.4 Fighting
 + Level 3.5 Axes
 + Level 4.3 Armour
 + Level 4.4 Shields


You had 3 spell levels left.
You didn't know any spells.
Your spell library was empty.

Dungeon Overview and Level Annotations

Branches:
Dungeon (2/15)

Altars:
Fedhas
Sif Muna


Innate Abilities, Weirdness & Mutations

You have a pair of horns on your head.
You reflexively headbutt those who attack you in melee.


Message History

You closely miss the hobgoblin. The hobgoblin barely misses you.
The hobgoblin hits you but does no damage.
A hobgoblin is nearby!
You barely miss the hobgoblin. Your headbutt misses the hobgoblin.
You block the hobgoblin's attack.
You slash the hobgoblin!
You kill the hobgoblin!
No target in view!
No target in view!
l - a glowing cyan potion No target in view!
No target in view!
Found a whip.
No target in view!
No target in view!
Key pressed, stopping explore.
No target in view!
No target in view!
No target in view!
Key pressed, stopping explore.
No target in view!
No target in view!
No target in view!
A bat comes into view.
The bat moves out of view.
No target in view!
No target in view!
No target in view!
You open the door.
Found a faded altar of an unknown god.
There is an open door here.
You enter the shallow water.
Moving in this stuff is going to be slow.
Found a pink potion.
There is a faded altar of an unknown god here.
You cannot tell which god this altar belongs to.
Convert to them anyway?
Sif Muna accepts your prayer! Sif Muna welcomes you!
You can now call upon Sif Muna for magical energy.
Are you sure you want to abandon this character and quit the game? (Confirm with "yes".)

### ###### ..# #....### ## #+# ##
#.# #......# #.. .~. ..# #.#
#......### #..##~##!.# #.#
#..._....# #....~....# #.######
#......#.###....~....# #.......
#......#(..#.###@###.#####.######
#.....##...#....~....#..##.#####
##....##.[.#....~....#......##.##
##....##...#..##~##..#......##...
...........#....~....#........>#.
##....##########'#####.......#.#.
#....# ####.##..........#.##
##....#######.....+.............#
..............#####.........##..#


There were no monsters in sight!

Vanquished Creatures
  4 gnolls (D:2)
  2 adders (D:2)
  2 dart slugs (D:1)
  2 bats (D:2)
  5 endoplasms
  3 giant cockroaches (D:1)
  A hobgoblin (D:2)
  2 quokkas (D:2)
  2 frilled lizards (D:1)
  4 kobolds
  A rat (D:1)
28 creatures vanquished.

Notes
Turn   | Place    | Note
-------+----------+-------------------------------------------
     0 | D:1      | Exodus22XD the Minotaur Fighter began the quest for the
                  | Orb.
     0 | D:1      | Reached XP level 1. HP: 19/19 MP: 0/0
   220 | D:1      | Reached XP level 2. HP: 27/27 MP: 1/1
   720 | D:2      | Found a blossoming altar of Fedhas.
   753 | D:2      | Reached XP level 3. HP: 16/33 MP: 2/2
  1040 | D:2      | Reached XP level 4. HP: 41/41 MP: 3/3
  1292 | D:2      | Found a faded altar of an unknown god.
  1299 | D:2      | Prayed at the altar of an unknown god.
  1299 | D:2      | Became a worshipper of Sif Muna the Loreminder
  1299 | D:2      | Reached * piety under Sif Muna
  1300 | D:2      | Quit the game

Illustrated notes

Levels and vault maps discovered:
D:1:      tarquinn_simple_flora_water_f, layout_basic
D:2:      wad_pebble_path, layout_basic, shapermc_ecumenical_altar_notcrosses,
          basic_altar

Skill      XL: |  1  2  3 |
---------------+----------+-----
Shields        | 4 |  4.4
Fighting       | 4 |  4.4
Armour         | 4 |  4.3
Axes           | 3 |  3.5

Action                   |  1- 3 |  4- 6 || total
-------------------------+-------+-------++-------
Melee: War axe           |    38 |     9 ||    47
       Headbutt          |     5 |     1 ||     6
Armor: Scale mail        |    11 |     5 ||    16
Dodge: Dodged            |    24 |     2 ||    26
Block: Buckler           |     9 |     3 ||    12
